 Dungeon Crawl Stone Soup version 0.27.1-35-g4d5d836560 (webtiles) character file.

Game seed: 4781735066062299816

0 Delamore the Sneak (level 1, 0/14 HPs)
             Began as an Octopode Brigand on Apr 22, 2022.
             Slain by a hobgoblin (4 damage)
             ... on level 1 of the Dungeon.
             The game lasted 00:00:08 (69 turns).

Delamore the Sneak (Octopode Brigand)                 Turns: 69, Time: 00:00:08

Health: 0/14       AC:  1    Str: 10    XL:     1   Next: 10%
Magic:  1/1        EV: 12    Int: 13    God:
Gold:   10         SH:  0    Dex: 13    Spells: 0/0 levels left

rFire    . . .     SeeInvis .   a - +2 dagger
rCold    . . .     Faith    .   (no shield)
rNeg     . . .     Spirit   .   (helmet restricted)
rPois    .         Reflect  .   (no amulet)
rElec    .         Harm     .   (no ring)
rCorr    .         Rampage  .   (no ring)
Will     .....                  (no ring)
Stlth    ++++......             (no ring)
HPRegen  0.04/turn              (no ring)
MPRegen  0.07/turn              (no ring)
                                (no ring)
                                (no ring)

@: no status effects
A: almost no armour, amphibious, 8 rings, camouflage 1, gelatinous body 1,
(nimble swimmer 1), tentacles
a: no special abilities


You were on level 1 of the Dungeon.
You visited 1 branch of the dungeon, and saw 1 of its levels.

You collected 10 gold pieces.

Inventory:

Hand Weapons
 a - a +2 dagger (weapon)
Missiles
 b - 8 poisoned darts (quivered)
 c - 2 curare-tipped darts


   Skills:
 - Level 2.0 Fighting
 * Level 2.0 Short Blades
 - Level 2.0 Throwing
 - Level 1.0 Dodging
 + Level 5.3 Stealth


You couldn't memorise any spells.
You didn't know any spells.
Your spell library contained the following spells:

 Spells                   Type           Power      Damage    Failure   Level
 Conjure Flame            Conj/Fire      0%         6-21      67%         3
 Ice Form                 Ice/Tmut       0%         N/A       97%         4


Dungeon Overview and Level Annotations

Branches:
Dungeon (1/15)

Altars:


Innate Abilities, Weirdness & Mutations

You cannot wear most types of armour.
You are amphibious.
You can wear up to eight rings at the same time.
Your skin changes colour to match your surroundings (Stealth+).
Your rubbery body absorbs attacks. (AC +1, EV +1)
((You are camouflaged near water. (Stealth+)))
You have tentacles for arms and can constrict up to eight enemies at once.


Message History

No target in view!
No target in view!
No target in view!
No target in view!
No target in view!
No target in view!
No target in view!
You pick up the Handbook of the Congealing Volcanoes and begin reading...
You add the spells Conjure Flame and Ice Form to your library.
Found 22 stones.
A hobgoblin comes into view.
A hobgoblin is nearby!
A kobold comes into view. It is wielding a +0 dagger.
Found 26 sling bullets.
You see here 22 stones.
The kobold shouts!
The hobgoblin shouts!
The hobgoblin barely misses you.
You closely miss the hobgoblin. You grab the hobgoblin.
You constrict the hobgoblin, but do no damage.
The hobgoblin hits you.
You hit the hobgoblin.
The hobgoblin is lightly wounded.
You constrict the hobgoblin. The hobgoblin hits you.
The kobold hits you with a +0 dagger.
* * * LOW HITPOINT WARNING * * *
You are too injured to fight recklessly!
You are too injured to fight recklessly!
You are too injured to fight recklessly!
You are too injured to fight recklessly!
You are too injured to fight recklessly!
You are too injured to fight recklessly!
You are too injured to fight recklessly!
You are too injured to fight recklessly!
You are too injured to fight recklessly!
You release your grip on the hobgoblin.
You barely miss the hobgoblin. You grab the hobgoblin.
The hobgoblin is lightly wounded.
You constrict the hobgoblin, but do no damage.
The hobgoblin hits you.
You die...

#### #############
.... #.....#.#...#
..... #.#.#+#...#.#
♣PP..# #.#P....#.#.#
..(P..##.###.###.#.#
♣P.P..#.#...#.#...#
♣....###.#.#.#.#<#
♣..Kg@#.#.#.#.###
....♣..#(#.#.#.#...#
. .....#.#.#...#.###
...##.##.#.###.#.#.#
.. #. #.#.#...#.#.#
. #. #.#.#.###.).# #
#.#(#...#.#.#
#.#####.#.#.#
#.......#...#


You could see a hobgoblin and a kobold.

Vanquished Creatures
  A rat (D:1)
1 creature vanquished.

Notes
Turn   | Place    | Note
-------+----------+-------------------------------------------
     0 | D:1      | Delamore the Octopode Brigand began the quest for the Orb.
     0 | D:1      | Reached XP level 1. HP: 14/14 MP: 1/1
    49 | D:1      | Got the Handbook of the Congealing Volcanoes
    69 | D:1      | Slain by a hobgoblin

Illustrated notes

Levels and vault maps discovered:
D:1:      onia_arrival_mini_maze, layout_basic, serial_forest,
          infiniplex_forest_lined_corner, infiniplex_forest_end_1,
          infiniplex_forest_clump_large, infiniplex_forest_clump_double,
          infiniplex_forest_clump_diagonal, infiniplex_forest_lined_room_3,
          infiniplex_forest_lined_room_3, chequers_ecumenical_altar_simple_redux

Action                   || total
-------------------------++-------
Melee: Dagger            ||     5
       Constrict         ||     3
Dodge: Dodged            ||     1
